 Dungeon Crawl Stone Soup version 0.28.0 (webtiles) character file.

Game seed: 6967880161243220216

36208 RepoMan the Thaumaturge (level 13, 0/93 HPs)
             Began as a Mummy Fire Elementalist on Feb 6, 2022.
             Was a Believer of Ashenzari.
             Hit by a javelin thrown by a minotaur (14 damage)
             ... in a Gauntlet on Feb 7, 2022.
             The game lasted 02:09:51 (17039 turns).

RepoMan the Thaumaturge (Mummy Fire Elementalist)  Turns: 17039, Time: 02:09:51

Health: 0/93       AC: 15    Str: 16    XL:     13   Next: 51%
Magic:  17/31      EV: 14    Int: 21    God:    Ashenzari [**....]
Gold:   1063       SH:  0    Dex: 18    Spells: 20/40 levels left

rFire   + + +      SeeInvis +   D - +8 flail of Nusael {freeze, rC++ rN+}
rCold   + + +      Faith    .   (no shield)
rNeg    + + +      Spirit   .   y - +2 leather armour of Qazlal's Displeasure {rF++ rCorr Dex+6}
rPois   ∞          Reflect  .   q - +0 helmet
rElec   .          Harm     .   o - scarf "I Knew You'd Do That" {rC+ rF+, Alch, Elem} (curse)
rCorr   +          Rampage  .   F - +1 pair of gloves "Utom" {rC+ Str+4}
Will    +....      NoTele   +   E - +2 pair of boots of the Cursed Prison {Fort, Alch} (curse)
Stlth   ++........              e - amulet of Ashenzari's Sorrow {RegenMP Int+2, Elem, Self} (curse)
HPRegen 0.25/turn               l - ring of Supernal Understanding {Fire, Cun, Elem} (curse)
MPRegen 0.62/turn               s - +4 ring of protection

@: no status effects
A: cold resistance 1, negative energy resistance 3, torment resistance 2, heat
vulnerability 1, in touch with death 1, no potions
a: Renounce Religion, Shatter the Chains


You were in a Gauntlet.
You worshipped Ashenzari.
Ashenzari was pleased with you.
You visited 3 branches of the dungeon, and saw 16 of its levels.
You also visited: Sewer, Gauntlet and Volcano.

You collected 1212 gold pieces.
You spent 149 gold pieces at shops.

Inventory:

Hand Weapons
 D - the +8 flail of Nusael (weapon) {freeze, rC++ rN+}
   (You found it on level 4 of the Lair of Beasts)

   It freezes those it strikes, dealing additional cold damage.
   It can also slow down cold-blooded creatures.
   rC:        It greatly protects you from cold.
   rN:        It protects you from negative energy.
Missiles
 m - 4 throwing nets
Armour
 o - the cursed scarf "I Knew You'd Do That" (worn) {rC+ rF+, Alch, Elem}
   (You found it in a sewer)

   It has a curse which improves the following skills: Alchemy: Poison Magic and
   Transmutations.
   Elements:  Fire Magic, Ice Magic, Air Magic and Earth Magic.
 q - a +0 helmet (worn)
 y - the +2 leather armour of Qazlal's Displeasure (worn) {rF++ rCorr Dex+6}
   (You found it on level 8 of the Dungeon)

   Dex:       It affects your dexterity (+6).
   rF:        It greatly protects you from fire.
   rCorr:     It protects you from acid and corrosion.
 E - the cursed +2 pair of boots of the Cursed Prison (worn) {Fort, Alch}
   (You found it on level 10 of the Dungeon)

   It has a curse which improves the following skills: Fortitude: Armour and
   Shields.
   Alchemy:   Poison Magic and Transmutations.
 F - the +1 pair of gloves "Utom" (worn) {rC+ Str+4}
   (You found it in a Gauntlet)

   Str:       It affects your strength (+4).
   rC:        It protects you from cold.
Jewellery
 c - the ring "Weyr" {Fly rPois}
   (You found it on level 3 of the Lair of Beasts)

   [ring of flight]

   rPois:     It protects you from poison.
   Fly:       It grants you flight.
 e - the cursed amulet of Ashenzari's Sorrow (around neck) {RegenMP Int+2, Elem, Self}
   (You acquired it on level 5 of the Dungeon)

   [amulet of magic regeneration]

   It increases your rate of magic regeneration.
   Int:       It affects your intelligence (+2).
   It has a curse which improves the following skills: Elements: Fire Magic, Ice
   Magic, Air Magic and Earth Magic.
   Introspection: Fighting and Spellcasting.
 g - an amulet of guardian spirit
 k - a ring of magical power
 l - the cursed ring of Supernal Understanding (left hand) {Fire, Cun, Elem}
   (You took it off a goblin on level 3 of the Dungeon)

   [ring of fire]

   It enhances your fire magic.
   rF:        It protects you from fire.
   rC:        It makes you vulnerable to cold.
   It has a curse which improves the following skills: Cunning: Dodging and
   Stealth.
   Elements:  Fire Magic, Ice Magic, Air Magic and Earth Magic.
 s - a +4 ring of protection (right hand)
 A - a ring of wizardry
Wands
 h - a wand of polymorph (28)
 j - a wand of mindburst (5)
 p - a wand of charming (19)
 t - a wand of digging (11)
 u - a wand of flame (35)
 w - a wand of paralysis (8)
Scrolls
 d - 3 scrolls of teleportation
 f - a scroll of immolation
 i - a scroll of fear
 n - 3 scrolls of magic mapping
 r - 3 scrolls of fog
 v - 2 scrolls of amnesia
 x - a scroll of vulnerability
 B - 3 scrolls of brand weapon
 C - 2 scrolls of enchant armour


   Skills:
 - Level 4.6(5.8) Fighting
 - Level 3.2(4.3) Dodging
 - Level 1.5(2.4) Stealth
 - Level 12.8(14.0) Spellcasting
 + Level 11.5 Conjurations
 - Level 2.0 Translocations
 * Level 12.8(15.3) Fire Magic


You had 20 spell levels left.
You knew the following spells:

 Your Spells              Type           Power      Damage    Failure   Level
b - Blink                 Tloc           46%        N/A       3%          2
c - Conjure Flame         Conj/Fire      82%        6-21      1%          3
f - Foxfire               Conj/Fire      100%       2x1d9     1%          1
g - Apportation           Tloc           46%        N/A       2%          1
h - Hailstorm             Conj/Ice       39%        3d9       4%          4
i - Inner Flame           Hex/Fire       63%        N/A       1%          3
r - Scorch                Fire           100%       2d10      0%          2
w - Flame Wave            Conj/Fire      82%        2d14      1%          4

Your spell library contained the following spells:

 Spells                   Type           Power      Damage    Failure   Level
 Freeze                   Ice            64%        1d8       4%          1
 Lesser Beckoning         Tloc           23%        N/A       7%          3
 Frozen Ramparts          Ice            32%        1d5       14%         3
 Ozocubu's Armour         Ice            16%        N/A       14%         3
 Cause Fear               Hex            7%         N/A       45%         4
 Manifold Assault         Tloc           23%        N/A       54%         5
 Alistair's Intoxication  Tmut/Pois      10%        N/A       80%         5
 Metabolic Englaciation   Hex/Ice        7%         N/A       80%         5
 Dispersal                Tloc           11%        N/A       98%         6
 Simulacrum               Ice/Necr       11%        N/A       100%        6
 Discord                  Hex            7%         N/A       100%        8
 Disjunction              Tloc           11%        N/A       100%        8


Dungeon Overview and Level Annotations

Branches:
Dungeon (10/15)            Temple (1/1) D:4            Lair (5/6) D:10
  Swamp (0/4) Lair:4       Spider (0/4) Lair:4          Orc (0/2) D:10
  Sewer (visited)         Volcano (visited)         Gauntlet (1/1)
  Slime: Lair:5-6

Altars:
Ashenzari
Hepliaklqana
Kikubaaqudgha
Ru
Sif Muna

Shops:
D:4 *   D:9 ?

Annotations:
D:9 1 runed translucent door, Shutri's ghost, novice TrAK Gauntlet 7 transporters, 5 runed translucent doors


Innate Abilities, Weirdness & Mutations

You are immune to poison.
Your flesh is cold resistant. (rC+)
You are immune to negative energy. (rN+++)
You are immune to unholy pain and torment.
You are vulnerable to heat. (rF-)
You are in touch with the powers of death.
You do not drink.


Message History

The minotaur is almost dead.
The minotaur throws a javelin.
The javelin pierces through you!!
* * * LOW HITPOINT WARNING * * *
Press: ? - help, v - describe, . - travel
Here: a minotaur, wielding a staff of fire, wearing a +0 plate armour and quivering javelins (almost dead, more vulnerable to fire)
The floor.
Unknown command.
Aiming: Mindburst
Press: ? - help, Shift-Dir - straight line, f - minotaur
Aim: a minotaur, wielding a staff of fire, wearing a +0 plate armour and quivering javelins (almost dead, more vulnerable to fire, chance to affect: 6%)
Okay, then.
Unknown command.
Unknown command.
Unknown command.
Press: ? - help, v - describe, . - travel
Here: a minotaur, wielding a staff of fire, wearing a +0 plate armour and quivering javelins (almost dead, more vulnerable to fire)
The floor.
Unknown command.
Unknown command.
Okay, then.
Aiming: Iceblast
Press: ? - help, Shift-Dir - straight line The mass of ice explodes!
The now-empty wand crumbles to dust.
There is a transporter landing site here.
As you read the scroll of fog, it crumbles to dust.
The scroll dissolves into smoke.
There is a transporter landing site here.
Okay, then.
Okay, then.
As you read the scroll of fog, it crumbles to dust.
The scroll dissolves into smoke.
Casting: Hailstorm (dangerous; 4% risk of failure)
Confirm with . or Enter, or press ? or * to list all spells.
You can't see any susceptible monsters within range! (Use Z to cast anyway.) Unknown command.
Found a wand of iceblast (7).
Found the +2 buckler "Zastruekh" {Str+8 Slay+5 Stlth-}.
The minotaur bellows!
The minotaur throws a javelin.
The javelin pierces through you!
You die...

##!#...###.♣.########
.b(#.♣..##..........#
..©#..P..#.♣.###.##.##
.."#..P♣.#§§..H.....8#
##.#...P.#§§§#.#.....#
...#.....#§§§#H#.#######
####.....#§§§#...#8.8/8[
......∩..#§§§###.'......
####.....#§§§#..@#8.8[8
#42#.....#§§§#.#.######*
* .###.....#§§§#§#.....*
#.##...♣.#§§§§§.....8#
#5©#.....#§♣§###.##.##
.###.♣..##.§.. .....#
#.##.P.###.♣.#*######
#.=#...≈##...#
####...≈≈# ###


You could see a minotaur.

Vanquished Creatures
  2 fire dragons
  Harold (D:9)
  A catoblepas (Lair:4)
  A two-headed ogre (D:10)
  A fire crab (Lair:4)
  4 lindwurms (Volcano)
  A manticore (Lair:4)
  A moth of wrath (Gauntlet)
  13 elephants
  6 black mambas
  9 cane toads
  2 rime drakes (Lair:2)
  A demonic crawler (Lair:4)
  5 komodo dragons
  A polar bear (Lair:4)
  A hornet (D:7)
  A troll (D:6)
  13 blink frogs
  A culicivora (shapeshifter) (D:10)
  3 shadows (Gauntlet)
  19 yaks
  7 wyverns
  2 fire bats (Lair:1)
  5 basilisks
  A neqoxec (Gauntlet)
  3 chaos spawn (Gauntlet)
  8 steam dragons
  2 swamp worms (Lair:4)
  An acid dragon (D:10)
  14 water moccasins
  Duvessa (D:6)
  4 hell hounds (Volcano)
  5 orc warriors
  5 black bears
  3 necrophages
  22 wolves
  6 centaurs
  A phantom (D:6)
  8 bullfrogs
  A kobold brigand (D:8)
  8 scorpions
  Dowan (D:6)
  12 wights
  5 electric eels
  4 howler monkeys
  3 lava snakes (Lair:1)
  4 centaur zombies
  3 jellies
  5 orc priests
  5 bullfrog skeletons
  A centaur skeleton (D:3)
  Ijyb (D:4)
  5 iguanas
  7 orc wizards
  A hell rat (Lair:4)
  A howler monkey zombie (D:5)
  3 gnolls (D:3)
  6 adders
  A howler monkey skeleton (D:7)
  A worm (D:4)
  5 dart slugs
  49 orcs
  4 endoplasms
  7 giant cockroaches
  10 goblins
  5 hobgoblins
  4 jackals
  2 quokkas
  5 ball pythons
  4 bats
  3 frilled lizards
  12 kobolds
  3 rats
  2 butterflies
378 creatures vanquished.

Vanquished Creatures (collateral kills)
  A blink frog (Lair:3)
  15 foxfires
16 creatures vanquished.

Vanquished Creatures (others)
  A rime drake (Lair:3)
  A bullfrog (Lair:1)
  A hell rat (Lair:4)
  4 demonic plants (Gauntlet)
  1357 foxfires
  33 fungi
  50 plants
1447 creatures vanquished.

Grand Total: 1841 creatures vanquished

Notes
Turn   | Place    | Note
-------+----------+-------------------------------------------
     0 | D:1      | RepoMan the Mummy Fire Elementalist began the quest for the
                  | Orb.
     0 | D:1      | Reached XP level 1. HP: 13/13 MP: 4/4
   143 | D:1      | Reached skill level 1 in Conjurations
   332 | D:1      | Reached XP level 2. HP: 19/19 MP: 2/5
   335 | D:1      | Learned a level 2 spell: Scorch
   774 | D:1      | Learned a level 1 spell: Apportation
  1017 | D:2      | Found a faded altar of an unknown god.
  1034 | D:2      | Found a shimmering blue altar of Sif Muna.
  1064 | D:2      | Reached XP level 3. HP: 24/24 MP: 4/7
  1983 | D:3      | Reached XP level 4. HP: 30/30 MP: 2/9
  1990 | D:3      | Learned a level 3 spell: Conjure Flame
  2247 | D:3      | Reached XP level 5. HP: 35/35 MP: 2/10
  2317 | D:3      | Learned a level 3 spell: Inner Flame
  3041 | D:3      | Reached XP level 6. HP: 9/41 MP: 6/12
  3335 | D:4      | Found Pesafom's General Store.
  3397 | D:4      | Found a glowing drain.
  3425 | Sewer    | Entered a sewer
  3519 | Sewer    | Noticed a water moccasin
  3542 | Sewer    | Killed a water moccasin
  3674 | D:4      | Reached skill level 5 in Spellcasting
  3712 | D:4      | Noticed Ijyb
  3806 | D:4      | Reached skill level 5 in Fire Magic
  3806 | D:4      | Reached XP level 7. HP: 46/46 MP: 8/14
  3815 | D:4      | Learned a level 2 spell: Blink
  4150 | D:4      | Killed Ijyb
  4255 | D:4      | Found a staircase to the Ecumenical Temple.
  4264 | Temple   | Entered the Ecumenical Temple
  4298 | Temple   | Became a worshipper of Ashenzari the Shackled
  4535 | D:5      | Entered Level 5 of the Dungeon
  4589 | D:5      | Reached skill level 1 in Translocations
  5025 | D:5      | Reached XP level 8. HP: 52/52 MP: 11/17
  5517 | D:5      | Identified a scroll of acquirement
  5521 | D:5      | Acquired the amulet of Qeachaud {RegenMP Int+2}
  5669 | D:6      | Noticed Duvessa
  5692 | D:6      | Killed Duvessa
  5700 | D:6      | Noticed Dowan
  5703 | D:6      | Killed Dowan
  5762 | D:6      | Found an ancient bone altar of Kikubaaqudgha.
  5762 | D:6      | Found a hazy altar of Hepliaklqana.
  6143 | D:6      | Noticed a troll
  6148 | D:6      | Killed a troll
  6276 | D:6      | Reached * piety under Ashenzari
  6536 | D:7      | Identified the +7 flail of Slow Death {speed, Dex+2}
  6573 | D:7      | Reached XP level 9. HP: 57/57 MP: 15/20
  6578 | D:7      | Learned a level 4 spell: Flame Wave
  6722 | D:7      | Reached skill level 5 in Conjurations
  6833 | D:7      | Reached ** piety under Ashenzari
  7081 | D:8      | Identified the +2 leather armour of Qazlal's Displeasure
                  | {rF++ rCorr Dex+6}
  7094 | D:8      | Reached skill level 1 in Fighting
  7215 | D:8      | Identified the amulet of Youthful Indiscretion {Spirit
                  | Drain +Blink rN++ SInv}
  7889 | D:9      | Noticed Harold
  7897 | D:9      | Killed Harold
  7898 | D:9      | Reached XP level 10. HP: 40/70 MP: 15/23
  8093 | D:9      | Found Wyabryho's Magic Scroll Boutique.
  8111 | D:9      | Bought a scroll of fog for 26 gold pieces
  8111 | D:9      | Bought a scroll of fear for 45 gold pieces
  8113 | D:9      | Bought a scroll of teleportation for 39 gold pieces
  8113 | D:9      | Bought a scroll of teleportation for 39 gold pieces
  8523 | D:9      | Found a runed translucent door.
  8524 | D:9      | Noticed Shutri's ghost (novice TrAK)
  8528 | D:9      | Identified the +8 trident of the Shouting Pill Bug {freeze,
                  | rPois rC+ rCorr Dex-4}
  8544 | D:10     | Entered Level 10 of the Dungeon
  8862 | D:10     | Found a staircase to the Orcish Mines.
  9054 | D:10     | Found a staircase to the Lair.
  9648 | D:10     | Noticed a two-headed ogre
  9674 | D:10     | Killed a two-headed ogre
  9859 | Lair:1   | Entered Level 1 of the Lair of Beasts
  9859 | Lair:1   | Noticed a black mamba
  9867 | Lair:1   | Killed a black mamba
  9962 | Lair:1   | Reached *** piety under Ashenzari
  9976 | Lair:1   | Reached XP level 11. HP: 63/81 MP: 21/26
 10062 | Lair:1   | Learned a level 4 spell: Hailstorm
 10205 | Lair:1   | Reached skill level 10 in Spellcasting
 10469 | Lair:1   | Reached skill level 10 in Fire Magic
 11238 | Lair:1   | Noticed a fire dragon
 12153 | Lair:2   | Reached **** piety under Ashenzari
 12856 | Lair:3   | Reached XP level 12. HP: 82/91 MP: 30/30
 12903 | Lair:3   | Found a dark tunnel.
 12910 | Volcano  | Entered a volcano
 13231 | Volcano  | Noticed a fire dragon
 13245 | Volcano  | Killed a fire dragon
 13526 | Lair:3   | Reached skill level 10 in Conjurations
 13666 | Lair:3   | Identified the ring "Weyr" {Fly rPois}
 14523 | Lair:1   | Killed a fire dragon
 14872 | Lair:4   | Found a staircase to the Swamp.
 14916 | Lair:4   | Noticed a catoblepas
 14955 | Lair:4   | Killed a catoblepas
 15089 | Lair:4   | Gained mutation: You are in touch with the powers of death.
                  | [Mummy growth]
 15089 | Lair:4   | Reached XP level 13. HP: 96/96 MP: 28/32
 15492 | Lair:4   | Found a hole to the Spider Nest.
 15807 | Lair:4   | Identified the +8 flail of Nusael {freeze, rC++ rN+}
 16435 | Lair:5   | Identified the ring "Vuiwes" {rPois rF+ Will+ Int+2}
 16544 | Lair:5   | Found a gate leading to a gauntlet.
 16555 | Gauntlet | Entered a Gauntlet
 16555 | Gauntlet | Found a transporter.
 16558 | Gauntlet | Found a transporter.
 16560 | Gauntlet | Found a transporter.
 16571 | Gauntlet | Found a runed translucent gate.
 16571 | Gauntlet | Found a runed translucent gate.
 16574 | Gauntlet | Found a runed translucent gate.
 16574 | Gauntlet | Found a transporter.
 16576 | Gauntlet | Found a transporter.
 16580 | Gauntlet | Found a runed translucent door.
 16580 | Gauntlet | Found a runed translucent door.
 16585 | Gauntlet | Found a transporter.
 16585 | Gauntlet | Noticed a green death
 16585 | Gauntlet | Identified the ring of Jefi Gys {rPois Will+}
 16598 | Gauntlet | Found the ring of the Tortoise {AC+8}
 16600 | Gauntlet | Noticed a reaper
 16601 | Gauntlet | Found a transporter.
 16610 | Gauntlet | Identified the amulet "Ucikis" {Acrobat Harm Dex+4}
 16611 | Gauntlet | Found a transporter.
 16621 | Gauntlet | Found a transporter.
 16623 | Gauntlet | Identified the +1 pair of gloves "Utom" {rC+ Str+4}
 16638 | Gauntlet | Found a transporter.
 16644 | Gauntlet | Found a transporter.
 16646 | Gauntlet | Found a transporter.
 16891 | Gauntlet | Found a transporter.
 16977 | Gauntlet | Noticed a minotaur
 17000 | Gauntlet | Identified Waxe's Incunabulum of the Glacier and Combat
                  | Magic
 17039 | Gauntlet | Identified the +2 buckler "Zastruekh" {Str+8 Slay+5 Stlth-}
 17039 | Gauntlet | Hit by a javelin thrown by a minotaur

Illustrated notes

Levels and vault maps discovered:
D:1:      lightli_arrival_statuegarden, layout_rooms
D:2:      layout_loops_ring, basic_altar, nicolae_ecumenical_pavilion
D:3:      layout_loops_cross
D:4:      layout_rooms, minmay_temple_entry_butterflies, serial_shops,
          nicolae_shop_statue_plus, gup_sewer_entry_glass, uniq_ijyb
D:5:      layout_loops_ring
D:6:      layout_basic, mainiacjoe_overflow_divided_tiny, uniq_duvessa
D:7:      layout_rooms
D:8:      layout_basic
D:9:      layout_cave_pools, ebering_ghost_funeral_grove, serial_shops,
          nicolae_stop_n_shop_2, special_room [special_room_orc], uniq_harold
D:10:     layout_rooms, dpeg_oklobed_lair, david_orc_3,
          kennysheep_generic_room_2
Temple:   mainiacjoe_temple_big_plus
Lair:1:   dragon1_lemuel, layout_chaotic_city, nicolae_lair_liquid_snakes
Lair:2:   layout_roguey, hibernation_bobbens, lemuel_fruit_fields,
          grunt_megastairs_1
Lair:3:   layout_gridlike, nicolae_volcano_entry_s_turn, lemuel_fruit_tree,
          serial_bayou_shore_a
Lair:4:   layout_misc_corridors, minmay_swamp_entry_worms,
          nicolae_spider_entry_non_spiders, nicolae_lair_lakeside_cave
Lair:5:   layout_regular_city, gauntlet_entry_generic
Gauntlet: minmay_gauntlet_77_tree [minmay_gauntlet_arena_77_two_paths,
          minmay_gauntlet_arena_77_run_for_it, minmay_gauntlet_arena_77_museum,
          minmay_gauntlet_arena_77_shame_cube,
          minmay_gauntlet_arena_77_tiled_triplets,
          minmay_gauntlet_arena_77_mirror, minmay_gauntlet_arena_77_fan,
          nicolae_gauntlet_exit_dead_adventurers]

Skill      XL: |  1  2  3  4  5  6  7  8  9 10 11 12 13 |
---------------+----------------------------------------+-----
Conjurations   | 1 2 3 4 5 6 8 10 11 | 11.5
Spellcasting   | 3 4 5 6 7 8 9 11 12 | 12.8
Fire Magic     | 3 4 5 7 8 9 10 11 12 | 12.8
Translocations | 1 2 |  2.0
Fighting       | 2 4 |  4.6
Dodging        | 3 |  3.2
Stealth        | |  1.5

Action                   |  1- 3 |  4- 6 |  7- 9 | 10-12 | 13-15 || total
-------------------------+-------+-------+-------+-------+-------++-------
Melee: Dagger            |     6 |     2 |    11 |       |       ||    19
       Flail             |       |       |     1 |    24 |     1 ||    26
       Punch             |       |       |     1 |       |       ||     1
 Cast: Foxfire           |    68 |    70 |   158 |   438 |    88 ||   822
       Scorch            |       |     8 |    50 |   149 |    54 ||   261
       Flame Wave        |       |       |     1 |    23 |    20 ||    44
       Conjure Flame     |       |       |     1 |     3 |     2 ||     6
       Blink             |       |       |       |    11 |     2 ||    13
       Inner Flame       |       |       |       |     1 |       ||     1
       Hailstorm         |       |       |       |    35 |     9 ||    44
Invok: Curse Item        |       |       |     3 |     4 |       ||     7
       Shatter the Chain |       |       |     1 |       |     2 ||     3
Evoke: Wand              |       |       |     1 |    24 |     8 ||    33
  Use: Scroll            |       |     1 |     6 |     4 |     3 ||    14
 Stab: Sleeping          |       |     1 |     2 |       |       ||     3
Armor: Robe              |     8 |     8 |    13 |       |       ||    29
       Leather armour    |       |       |     6 |    92 |    46 ||   144
       Troll leather arm |       |       |     3 |       |       ||     3
Dodge: Dodged            |    10 |    16 |    30 |   198 |    77 ||   331
